[Event "EYTCC Girls U18 2022"]
[Site "Thessaloniki"]
[Date "2022.07.18"]
[Round "7.8"]
[White "Juhasz, Judit"]
[Black "Pert, Nina"]
[Result "1-0"]
[ECO "B12"]
[WhiteElo "2037"]
[BlackElo "1703"]
[Annotator "TA"]
[PlyCount "59"]
[EventDate "2022.07.12"]
[EventType "team-tourn"]
[EventCountry "GRE"]
[SourceTitle "playchess.com"]
[Source "ChessBase"]
[SourceQuality "1"]
[WhiteTeam "Hungary"]
[BlackTeam "England"]
[WhiteTeamCountry "HUN"]
[BlackTeamCountry "ENG"]
[TimeControl "40/5400+30:1800+30"]

1. e4 c6 2. d4 d5 3. e5 Bf5 4. h4 h6 5. g4 Bd7 6. f4 c5 {[%emt 0:05:19] [#] B12: Caro-Kann: Advance Variation.} 7. Be3 $146 ({Predecessor:} 7. c3 h5 8. g5 Qb6 9. Nf3 Bg4 10. Be2 e6 11. O-O Nc6 12. dxc5 Bxc5+ 13. Kg2 Nge7 14. b4 {0-1 (23) Calzetta Ruiz,M (2302)-Jaracz,P (2456) Chess.com INT 2020}) 7... Qb6 8. dxc5 (8. Nc3 $5 e6 9. Qd2 $11) 8... Qxb2 {[%emt 0:04:50] The position is equal.} 9. Bd4 (9. Nd2 $5 ) 9... Qb4+ 10. c3 Qa5 11. Nd2 e6 12. Nb3 Qc7 13. a4 h5 {[%emt 0:06:37] next ...hxg4 is good for Black.} 14. gxh5 Nh6 15. Bd3 Na6 16. Ne2 Nxc5 17. Nxc5 Bxc5 18. Rg1 Rc8 (18... Bf8 $11 {remains equal.}) 19. Rxg7 $16 Qd8 20. Rg5 {[%emt 0:05:09] White is more active.} Be7 21. Ng3 Qa5 22. Kf1 Kf8 {[%emt 0:21:36] [#]} (22... Kd8 $16 {keeps fighting.}) 23. f5 $1 $18 Bxg5 $2 (23... Rxc3 {is a better defense.} 24. Bxc3 Qxc3) 24. hxg5 ({Not} 24. fxe6 Bxh4 25. exd7 Rc6 $16) 24... Nxf5 25. Nxf5 exf5 26. e6 $1 {[%emt 0:00:26][%cal Be5e6,Be6d7][%mdl 96] Discovered Attack} Rg8 27. exd7 Rd8 28. h6 (28. Qc1 $142 Rg7 29. h6 Rg6 30. h7 Ke7 31. Qf4 Kxd7 32. Qxf5+ Kc7 33. Qxf7+ Kb8 34. Qxg6) 28... Qc7 29. Qf3 Qh2 30. Bc5+ {Weighted Error Value: White=0.10 (very precise) /Black=1.01} 1-0

[Event "EYTCC Girls U18 2022"]
[Site "Thessaloniki"]
[Date "2022.07.18"]
[Round "7.9"]
[White "Alexandri, Dimitra"]
[Black "Bondar, Daria"]
[Result "1/2-1/2"]
[ECO "A81"]
[WhiteElo "1683"]
[BlackElo "1566"]
[Annotator "NA COMBH"]
[PlyCount "62"]
[EventDate "2022.07.12"]
[EventType "team-tourn"]
[EventCountry "GRE"]
[SourceTitle "playchess.com"]
[Source "ChessBase"]
[SourceQuality "1"]
[WhiteTeam "Greece"]
[BlackTeam "Ukraine"]
[WhiteTeamCountry "GRE"]
[BlackTeamCountry "UKR"]
[TimeControl "40/5400+30:1800+30"]

1. d4 f5 2. g3 Nf6 3. Bg2 e6 4. c4 c6 5. Nf3 d5 6. b3 Bd6 7. O-O Qe7 8. a4 a5 9. Ba3 Bxa3 10. Nxa3 O-O 11. Nc2 b6 12. Ne5 Bb7 13. Ne1 Nbd7 14. N1f3 c5 15. Rc1 Rfd8 16. Nxd7 Rxd7 17. e3 Rc8 18. Qe2 dxc4 19. Ne5 Bxg2 20. Kxg2 Rdd8 21. Rxc4 cxd4 22. exd4 Qb7+ 23. Kg1 Qe4 24. Qxe4 Nxe4 25. Nc6 Nd6 26. Nxd8 Nxc4 27. bxc4 Rxd8 28. Rd1 Rc8 29. Rc1 Rd8 30. Rd1 Rc8 31. Rc1 Rd8 1/2-1/2

[Event "EYTCC Girls U18 2022"]
[Site "Thessaloniki"]
[Date "2022.07.18"]
[Round "7.10"]
[White "Russeva, Viktoria"]
[Black "Alexandri, Vasiliki"]
[Result "1-0"]
[ECO "C45"]
[WhiteElo "1866"]
[BlackElo "1527"]
[Annotator "NA COMBH"]
[PlyCount "115"]
[EventDate "2022.07.12"]
[EventType "team-tourn"]
[EventCountry "GRE"]
[SourceTitle "playchess.com"]
[Source "ChessBase"]
[SourceQuality "1"]
[WhiteTeam "Ukraine"]
[BlackTeam "Greece"]
[WhiteTeamCountry "UKR"]
[BlackTeamCountry "GRE"]
[TimeControl "40/5400+30:1800+30"]

1. e4 e5 2. Nf3 Nc6 3. d4 exd4 4. Nxd4 Nf6 5. Nxc6 bxc6 6. e5 Nd5 7. c4 Nb6 8. Bd3 Qe7 9. O-O g6 10. Nc3 Bg7 11. Bf4 O-O 12. Re1 Ba6 13. c5 Bxd3 14. cxb6 Bf5 15. bxc7 Rac8 16. e6 fxe6 17. Bd6 Qf7 18. Bxf8 Bxf8 19. Ne4 d5 20. Ng3 Rxc7 21. Nxf5 exf5 22. Rc1 c5 23. Re5 Rd7 24. Qe2 d4 25. b3 Kg7 26. Qd3 Bd6 27. Re2 Re7 28. Rce1 Rxe2 29. Rxe2 Qd5 30. Qc4 Qxc4 31. bxc4 Kf6 32. Kf1 Bc7 33. Re8 Ba5 34. Ra8 Bb6 35. Ke2 Ke5 36. g3 h5 37. a4 Kf6 38. Rc8 Ke6 39. Kd3 Kf6 40. f4 Ke6 41. Rc6+ Kf7 42. a5 Bxa5 43. Rxc5 Bb6 44. Rb5 Ke6 45. c5 Bd8 46. Kxd4 a5 47. Rb8 Kd7 48. Kd5 Bc7 49. Ra8 Bd8 50. Ra6 g5 51. fxg5 Bxg5 52. Rxa5 f4 53. gxf4 Bxf4 54. h3 h4 55. Ra7+ Kd8 56. Kc6 Bg3 57. Rh7 Ke8 58. Kb7 1-0

[Event "EYTCC Girls U18 2022"]
[Site "Thessaloniki"]
[Date "2022.07.18"]
[Round "7.11"]
[White "Buchholz, Maja"]
[Black "Dereka, Konstantina"]
[Result "0-1"]
[ECO "A14"]
[WhiteElo "1879"]
[BlackElo "1451"]
[Annotator "NA COMBH"]
[PlyCount "88"]
[EventDate "2022.07.12"]
[EventType "team-tourn"]
[EventCountry "GRE"]
[SourceTitle "playchess.com"]
[Source "ChessBase"]
[SourceQuality "1"]
[WhiteTeam "Germany"]
[BlackTeam "Greece"]
[WhiteTeamCountry "GER"]
[BlackTeamCountry "GRE"]
[TimeControl "40/5400+30:1800+30"]

1. c4 e6 2. g3 d5 3. Bg2 Nf6 4. Nf3 Be7 5. O-O O-O 6. b3 b6 7. Bb2 Bb7 8. Qc2 c5 9. cxd5 Nxd5 10. d4 Nd7 11. Nbd2 Rc8 12. Qb1 Qc7 13. e4 N5f6 14. Rc1 Qb8 15. Qd3 cxd4 16. Nxd4 Nc5 17. Qe3 Qa8 18. Re1 Rfd8 19. h3 Ba6 20. Nc4 Bb7 21. f3 Qb8 22. Kh2 h5 23. Rad1 h4 24. e5 hxg3+ 25. Kxg3 Nd5 26. Qd2 Nb4 27. Bf1 Qa8 28. Be2 Nc6 29. Qf4 Nxd4 30. Bxd4 Qb8 31. Rg1 g5 32. Qg4 f6 33. Kf2 Rxd4 34. Rxd4 fxe5 35. Rdd1 e4 36. b4 exf3 37. bxc5 Bxc5+ 38. Ne3 Qh2+ 39. Rg2 Qxg2+ 40. Qxg2 fxg2 41. Bg4 Rf8+ 42. Ke2 Bxe3 43. Bxe6+ Kg7 44. Kxe3 Rf1 0-1

[Event "EYTCC Girls U18 2022"]
[Site "Thessaloniki"]
[Date "2022.07.18"]
[Round "7.12"]
[White "Kapia, Aggeliki"]
[Black "Werner, Rosalie"]
[Result "0-1"]
[ECO "E92"]
[WhiteElo "1230"]
[BlackElo "1783"]
[Annotator "NA COMBH"]
[PlyCount "84"]
[EventDate "2022.07.12"]
[EventType "team-tourn"]
[EventCountry "GRE"]
[SourceTitle "playchess.com"]
[Source "ChessBase"]
[SourceQuality "1"]
[WhiteTeam "Greece"]
[BlackTeam "Germany"]
[WhiteTeamCountry "GRE"]
[BlackTeamCountry "GER"]
[TimeControl "40/5400+30:1800+30"]

1. d4 Nf6 2. c4 g6 3. Nc3 Bg7 4. e4 d6 5. Nf3 O-O 6. Be2 e5 7. dxe5 dxe5 8. O-O Nbd7 9. Qc2 c6 10. Rd1 Qe7 11. a3 a5 12. h3 Re8 13. Be3 Nh5 14. Qc1 Nc5 15. Bxc5 Qxc5 16. Na4 Qe7 17. Nb6 Ra7 18. Nxc8 Rxc8 19. g3 Qc5 20. Kg2 a4 21. Qd2 Raa8 22. Qd7 Nf6 23. Qd3 Qa5 24. Qc2 Qc7 25. Rac1 Nd7 26. Qd2 Nc5 27. Qe3 b6 28. Ne1 Bf8 29. Bg4 Rd8 30. Be2 Nb3 31. Rxd8 Rxd8 32. Rd1 Bc5 33. Rxd8+ Qxd8 34. Qd3 Qd4 35. Qxd4 Bxd4 36. Nf3 Bxb2 37. g4 f6 38. g5 Kf7 39. gxf6 Kxf6 40. Ne1 Bxa3 41. Nc2 Bc5 42. Kg3 a3 0-1